 Dungeon Crawl Stone Soup version 0.32-a0-128-g77eb882913 (webtiles) character file.

Game seed: 4650178171314781928

5 Esekla the Sneak (level 1, -1/16 HPs)
             Began as an Octopode Delver on Feb 7, 2024.
             Slain by an ufetubus (5 damage)
             ... on level 5 of the Dungeon.
             The game lasted 00:02:12 (89 turns).

Esekla the Sneak (Octopode Delver)                    Turns: 89, Time: 00:02:13

Health: -1/16      AC:  1    Str: 11    XL:     1   Next: 80%
Magic:  1/1        EV: 13    Int: 12    God:
Gold:   0          SH:  0    Dex: 13    Spells: 0/0 levels left

rFire   . . .        a - +0 falchion
rCold   . . .        (no shield)
rNeg    . . .        (helmet restricted)
rPois   .            (no amulet)
rElec   .            (no ring)
rCorr   .            (no ring)
SInv    .            (no ring)
Will    .....        (no ring)
Stlth   ++++         (no ring)
HPRegen 0.22/turn    (no ring)
MPRegen 0.07/turn    (no ring)
                     (no ring)

%: no passive effects
@: hasted, very quick
A: almost no armour, amphibious, 8 rings, camouflage 1, gelatinous body 1,
(nimble swimmer 1), tentacles
a: no special abilities


You were on level 5 of the Dungeon.
You visited 1 branch of the dungeon, and saw 1 of its levels.

Inventory:

Hand Weapons
 a - a +0 falchion (weapon)
Jewellery
 d - a ring of fire
 g - a +6 ring of strength
Wands
 f - a wand of digging (3)
Scrolls
 b - a scroll of fog
 h - a scroll of vulnerability {unknown}
Potions
 c - a potion of invisibility {unknown}


   Skills:
 * Level 3.0 Fighting
 + Level 2.0 Long Blades
 * Level 2.0 Dodging
 + Level 6.8 Stealth
 * Level 0.2 Spellcasting


You couldn't memorise any spells.
You didn't know any spells.
Your spell library was empty.

Dungeon Overview and Level Annotations

Branches:
Dungeon (5/15)
 Temple: D:4-7

Altars:

Shops:
D:5 *=

Annotations:
D:5 Dowan, Duvessa


Innate Abilities, Weirdness & Mutations

You cannot wear most types of armour.
You are amphibious.
You can wear up to eight rings at the same time.
Your skin changes colour to match your surroundings (Stealth+).
Your rubbery body absorbs attacks. (AC +1, EV +1)
((You are camouflaged when in or above water. (Stealth+)))
You have tentacles for arms and can constrict up to eight enemies at once.


Message History

You can access your shopping list by pressing '$'.
You open the door.
Found a scroll labelled FEDIFA DEMPUU.
There is an open door here.
Found a longbow.
h - a scroll labelled FEDIFA DEMPUU You open the door.
There is an open door here.
A dart slug comes into view.
An ufetubus comes into view.
An iguana comes into view.
An ufetubus comes into view.
The ribbon worm expels a string of sticky webbing.
The stream of webbing hits you but does no damage.
You are caught in a web!
There is a web here.
You struggle to detach yourself from the web.
The ribbon worm expels a string of sticky webbing.
The stream of webbing hits you but does no damage.
You are even more entangled.
The web tears apart.
The ufetubus slips past you! The ufetubus barely misses you.
The ufetubus misses you.
You hit the ufetubus. You grab the ufetubus.
The ufetubus is moderately wounded.
You constrict the ufetubus.
The ribbon worm expels a string of sticky webbing.
The stream of webbing hits you but does no damage.
You are caught in a web!
The ufetubus hits you. x2
The web tears apart.
You constrict the ufetubus. The ufetubus closely misses you.
The ufetubus barely misses you. The ufetubus hits you.
The ufetubus closely misses you.
You hit the ufetubus.
You kill the ufetubus!
The ufetubus shouts!
Okay, then.
You feel yourself speed up. The ribbon worm barely misses you.
The ufetubus closely misses you. The ufetubus hits you.
* * * LOW HITPOINT WARNING * * *
The ufetubus hits you.
You die...

*,*,*,******+*****,*,,,,,,,*
,,*,,,* *,,,* *,,,,,,,,,* *******
***,***,,,,,,,,,* *,,,,,,,,,,,,,*
** ****,*****+****
,****************,*,,,..*
,,,,,,,,,,,,,,,,,,,>....*
************#######.....*
#..5@.......**** ***
#w#...........,* ,,*
#.#.....wl...,,* *,*
#.#.........,,,* *,* *****
#.#.........,,,* *,* *,,<*
#.#.........,,,* ,,****,***
#.#.........,,,*
,,,,**,*#####.......#############
,,,,,*,*#...........# #......)...


You could see a ribbon worm, an iguana (wandering), a dart slug (wandering) and
an ufetubus.

Vanquished Creatures
  An ufetubus (D:5)
1 creature vanquished.

Notes
Turn   | Place    | Note
-------+----------+-------------------------------------------
     0 | D:5      | Esekla the Octopode Delver began the quest for the Orb.
     0 | D:5      | Reached XP level 1. HP: 16/16 MP: 1/1
     1 | D:5      | Noticed Duvessa
     7 | D:5      | Noticed Dowan
     8 | D:5      | Found Zomnusk's Assorted Antiques.
    23 | D:5      | Found Juunokes's Jewellery Shop.
    70 | D:5      | Noticed an iguana
    89 | D:5      | Slain by an ufetubus

Illustrated notes

Levels and vault maps discovered:
D:5:      layout_basic, serial_shops, nicolae_shop_advertising_works
          [nicolae_subvault_shop_adworks], nicolae_square_shop, shop,
          nicolae_shop_pleasant_corner_grove, kennysheep_mini_moat,
          uniq_duvessa, uniq_sigmund, uniq_edmund

Action                     || total
---------------------------++-------
  Melee: Falchion          ||     2
         Constrict         ||     1
    Use: Scroll            ||     2
         Potion            ||     1
 Armour: Skin              ||     6
  Dodge: Dodged            ||     8

Table legend: (Time is in decaauts)
 A = Elapsed time spent in this place.
 B = Non-inter-level travel time spent in this place.
 C = Inter-level travel time spent in this place.
 D = Time resting spent in this place.
 E = Time spent auto-exploring this place.
 F = Levels seen in this place.
 G = Mean time per level.
                   A        B        C        D        E       F      G
               +--------+--------+--------+--------+--------+-----+--------+
         Total |     89 |     89 |      0 |      0 |      0 |   1 |   89.0 |
       Dungeon |     89 |     89 |      0 |      0 |      0 |   1 |   89.0 |
               +--------+--------+--------+--------+--------+-----+--------+

Top non-repeatable levels by time:
     D:5: 89 daAuts
